 Dungeon Crawl Stone Soup version 0.24-a0-29-g43a6aff (console) character file.

Game seed: 16025976828582542780

1166 Duffy the Chopper (level 8, -1/69 HPs)
             Began as a Naga Fighter on Feb 2, 2019.
             Slain by a wight
             ... wielding a +1 halberd
              (2 damage)
             ... on level 6 of the Dungeon.
             The game lasted 00:04:45 (3626 turns).

Duffy the Chopper (Naga Fighter)                    Turns: 3626, Time: 00:04:46

Health: -1/69      AC:  7    Str: 20    XL:     8   Next: 40%
Magic:  8/8        EV:  6    Int:  8    God:
Gold:   146        SH: 12    Dex: 12    Spells: 7/7 levels left

rFire    . . .     SeeInvis +   a - +0 war axe
rCold    + . .     Gourm    .   c - +0 shield
rNeg     . . .     Faith    .   b - +0 scale mail
rPois    +         Spirit   .   e - +0 helmet
rElec    .         Reflect  +   (no cloak)
rCorr    .         Harm     .   (no gloves)
MR       +....                  (no barding)
Stlth    ..........             s - +2 amulet of reflection
HPRegen  0.21/turn              r - ring of protection from cold
MPRegen  0.11/turn              (no ring)

@: heavily drained, very slow
A: large, see invisible, deformed body, poison resistance, slowness 2, slow
metabolism 1, spit poison 1, AC +2
a: Spit Poison


You were on level 6 of the Dungeon.
You were hungry.

You visited 1 branch of the dungeon, and saw 7 of its levels.

You collected 146 gold pieces.

Inventory:

Hand Weapons
 a - a +0 war axe (weapon)
Armour
 b - a +0 scale mail (worn)
 c - a +0 shield (worn)
 e - a +0 helmet (worn)
Jewellery
 r - a ring of protection from cold (left hand)
 s - a +2 amulet of reflection (around neck)
Scrolls
 g - a scroll of blinking {unknown}
 j - a scroll of immolation {unknown}
 l - 4 scrolls of remove curse {unknown}
 m - a scroll of enchant armour {unknown}
 n - 2 scrolls of identify {unknown}
 o - a scroll of fog {unknown}
 p - 3 scrolls of teleportation {unknown}
 q - a scroll of enchant weapon {unknown}
 v - a scroll of magic mapping {unknown}
Potions
 d - 3 potions of might
 h - a potion of brilliance {unknown}
 i - 2 potions of ambrosia {unknown}
 k - 4 potions of heal wounds {unknown}
 u - a potion of cancellation {unknown}
Comestibles
 f - 2 rations


   Skills:
 - Level 3.0(1.6) Fighting
 + Level 7.1(5.6) Axes
 - Level 2.4(1.1) Armour
 + Level 6.2(4.8) Shields


You had 7 spell levels left.
You didn't know any spells.
Your spell library contained the following spells:

 Spells                   Type           Power        Failure   Level  Hunger
 Animate Skeleton         Necr           N/A          97%         1    ##.....
 Pain                     Necr           #...         97%         1    ##.....
 Regeneration             Chrm/Necr      #.........   100%        3    ####...
 Vampiric Draining        Necr           #.........   100%        3    ####...
 Animate Dead             Necr           N/A          100%        4    #####..


Dungeon Overview and Level Annotations

Branches:
Dungeon (7/15)
 Temple: D:4-7

Altars:
Kikubaaqudgha

Shops:
D:5 **::[


Innate Abilities, Weirdness & Mutations

You cannot wear boots.
Your serpentine skin is tough. (AC +2)
You have supernaturally acute eyesight. (SInv)
Armour fits poorly on your strangely shaped body.
Your system is resistant to poisons. (rPois)
You cover ground very slowly.
You have a slow metabolism.
You can spit poison.


Message History

The wight is severely damaged.
You completely miss the wight.
The wight hits you with a cursed +3 halberd of freezing!
You feel drained. The wight freezes you. The wight barely misses you.
The wight hits you from afar with a +1 halberd.
You hit the wight but do no damage.
The wight is severely damaged.
You closely miss the wight. You block the wight's attack. x2
The wight hits you from afar with a +1 halberd.
You feel drained.
You hit the wight.
The wight is severely damaged.
You slash the wight! You block the wight's attack. x2
The wight hits you from afar with a +1 halberd.
You feel drained.
You slash the wight!
You destroy the wight!
You hit the wight but do no damage. You block the wight's attack.
The wight hits you from afar with a +1 halberd.
You die...

.# .... #. ...
. ## ...
...####..
#.......#
#....z..# #
#.....)z#
.##### #
#@######....#.
# #...##..# ..
##
#.....###)..##
#.## #. ###...
###.## #..###.
#... #..#
#.##.. #....
##.# ####.....
......
##.###...####.
..###.
#.....##..# ##
......#..###<.#
#


You could see 2 wights.

Vanquished Creatures
  Sigmund (D:3)
  A sky beast (D:5)
  2 ogres
  2 bullfrogs (D:7)
  3 wights (D:6)
  2 centaur zombies
  A crimson imp (D:5)
  A quasit (D:7)
  A jelly (D:5)
  An orc wizard (D:6)
  A bullfrog skeleton (D:7)
  6 worker ants
  Robin (D:4)
  4 adders
  4 gnolls (D:7)
  A shadow imp (D:7)
  An ooze (D:1)
  An adder zombie (D:5)
  A worm (D:4)
  A dart slug (D:4)
  A leopard gecko (D:7)
  4 orcs
  A ball python (D:6)
  2 giant cockroaches
  6 goblins (D:4)
  5 hobgoblins
  A kobold (D:1)
  A quokka (D:6)
  A frilled lizard (D:5)
  2 quokka skeletons (D:5)
  A rat (D:2)
61 creatures vanquished.

Notes
Turn   | Place    | Note
-------+----------+-------------------------------------------
     0 | D:1      | Duffy the Naga Fighter began the quest for the Orb.
     0 | D:1      | Reached XP level 1. HP: 21/21 MP: 1/1
   153 | D:1      | Reached XP level 2. HP: 28/28 MP: 2/2
   170 | D:3      | Noticed Sigmund
   442 | D:3      | Killed Sigmund
   442 | D:3      | Reached skill level 4 in Axes
   442 | D:3      | Reached XP level 3. HP: 24/34 MP: 3/3
   442 | D:3      | Reached XP level 4. HP: 29/42 MP: 4/4
   442 | D:3      | Reached XP level 5. HP: 34/49 MP: 5/5
   539 | D:3      | Found a faded altar of an unknown god.
   576 | D:4      | Noticed Robin
   584 | D:4      | Killed Robin
   677 | D:4      | Noticed an ogre
   684 | D:4      | Killed an ogre
   684 | D:4      | Reached XP level 6. HP: 56/56 MP: 6/6
   721 | D:5      | Entered Level 5 of the Dungeon
   723 | D:5      | Found Huexuiza's Antique Armour Emporium.
  1050 | D:5      | Reached skill level 5 in Axes
  1088 | D:5      | Found Xeupnurph's Book Shop.
  1603 | D:5      | Reached XP level 7. HP: 57/62 MP: 7/7
  1722 | D:7      | Reached skill level 5 in Shields
  1891 | D:7      | Found an ancient bone altar of Kikubaaqudgha.
  2196 | D:7      | Reached skill level 6 in Axes
  2475 | D:7      | Reached XP level 8. HP: 69/69 MP: 8/8
  2816 | D:5      | Found Yzoaw's General Store.
  2835 | D:5      | Found Yfext's Book Shoppe.
  2920 | D:5      | Found Byumauga's Assorted Antiques.
  3580 | D:6      | Reached skill level 7 in Axes
  3625 | D:6      | HP: 2/69 [wight/+1 halberd (3)]
  3626 | D:6      | Slain by a wight

Vault maps used:
D:1:      ncdulo_lavacross, nemelex_diamond_rough_becter
D:2:      okawaru_trees_1, first_ration, minmay_pentomino_q2
D:3:      chequers_ecumenical_altar_island, hellmonk_ghost_happy_afterlife,
          uniq_jessica, uniq_sigmund, uniq_ijyb
D:4:      uniq_robin
D:5:      serial_shops, shop, shop_statue, shop, nicolae_shop_window_shopping,
          shop, small_statue_intersection
D:7:      minmay_temple_entry_trees, david_defended_altar_elf

Skill      XL: |  1  2  3  4  5  6  7  8 |
---------------+-------------------------+-----
Axes           | 4 5 6 7 |  7.1
Shields        | 3 4 5 6 |  6.2
Fighting       | |  3.0
Armour         | |  2.4

Action                   |  1- 3 |  4- 6 |  7- 9 || total
-------------------------+-------+-------+-------++-------
Melee: War axe           |    15 |   104 |   172 ||   291
 Abil: Spit Poison       |     8 |     6 |     7 ||    21
  Eat: Chunk             |       |     1 |     6 ||     7
Armor: Scale mail        |     9 |    36 |    64 ||   109
Dodge: Dodged            |     4 |    18 |    44 ||    66
Block: Shield            |     9 |    49 |    90 ||   148

Table legend:
 A = Non-vault XP
 B = Vault XP
 C = Vault XP percentage of total XP
 D = Non-vault monster count
 E = Vault monster count
 F = Vault count percentage of total count
                 A         B        C        D         E       F
            +---------+---------+-------+---------+---------+-------
      Total |    1402 |     265 |  15.9 |      49 |      12 |  19.7
            +---------+---------+-------+---------+---------+-------
        D:1 |      12 |       0 |   0.0 |       3 |       0 |   0.0
        D:2 |      15 |       0 |   0.0 |       2 |       0 |   0.0
        D:3 |       0 |     231 | 100.0 |       0 |       1 | 100.0
        D:4 |     180 |      34 |  15.9 |       7 |      11 |  61.1
        D:5 |     385 |       0 |   0.0 |      12 |       0 |   0.0
        D:6 |     273 |       0 |   0.0 |      10 |       0 |   0.0
        D:7 |     537 |       0 |   0.0 |      15 |       0 |   0.0
            +---------+---------+-------+---------+---------+-------
